 Dungeon Sprint DCSS version 0.32-a0-473-gd044c6f0f0 (webtiles) character file.

Game seed: 14440303187187611669

15 rocky1 the Cudgeller (level 2, -2/31 HPs)
             Began as an Oni Gladiator on Feb 26, 2024.
             Slain by a sleepcap (5 damage)
             ... in the Dungeon (Sprint IX: "|||||||||||||||||||||||||||||").
             The game lasted 00:00:53 (59 turns).

rocky1 the Cudgeller (Oni Gladiator)                  Turns: 59, Time: 00:00:54

Health: -2/31      AC:  3    Str: 17    XL:     2   Next: 50%
Magic:  2/2        EV: 10    Int:  9    God:
Gold:   0          SH:  0    Dex: 10    Spells: 1/1 levels left

rFire   . . .        a - +0 flail
rCold   . . .        (no shield)
rNeg    . . .        b - +0 robe
rPois   .            c - +0 hat
rElec   .            (no cloak)
rCorr   .            (gloves unavailable)
SInv    .            (boots unavailable)
Will    .....        (no amulet)
Stlth   +            (no ring)
HPRegen 0.25/turn    (no ring)
MPRegen 0.08/turn

%: no teleportation
@: weakened
A: large, unfitting armour, horns 1, tough skin 1, double potion healing,
drunken brawling
a: no special abilities


You were in the Dungeon.
You visited 1 branch

Inventory:

Hand Weapons
 a - a +0 flail (weapon)
Missiles
 d - 3 throwing nets (quivered)
 e - a large rock
Armour
 b - a +0 robe (worn)
 c - a +0 hat (worn)
Scrolls
 k - a scroll of blinking
Potions
 f - a potion of curing
 h - a potion of haste
 i - 2 potions of magic
 j - a potion of berserk rage


   Skills:
 + Level 3.4 Fighting
 + Level 4.3 Maces & Flails
 + Level 2.4 Throwing
 + Level 3.8 Dodging


You had one spell level left.
You didn't know any spells.
Your spell library was empty.

Dungeon Overview and Level Annotations

Branches:
Dungeon (1/1)

Altars:


Innate Abilities, Weirdness & Mutations

You are too large for most types of armour.
You have a pair of small horns on your head.
You have tough skin. (AC +1)
You gain doubled healing and magic from potions.
Whenever you drink a healing potion, you attack all around you.


Message History

Unknown command.
You take a swig of the potion and twirl your +0 flail.
You hit the sleepcap but do no damage.
The sleepcap is lightly damaged.
You savour every drop.
You feel much better. The sleepcap barely misses you.
The bombardier beetle waves its antennae.
Unknown command.
You hit the sleepcap but do no damage.
The sleepcap is lightly damaged.
The sleepcap releases spores at you.
You hit the sleepcap.
The sleepcap is moderately damaged.
The sleepcap releases spores at you but does no damage.
You hit the sleepcap.
The sleepcap is heavily damaged.
The sleepcap completely misses you.
You hit the sleepcap but do no damage.
The sleepcap is heavily damaged.
The sleepcap releases spores at you!
You hit the sleepcap. You headbutt the sleepcap.
The sleepcap is severely damaged.
The sleepcap releases spores at you.
The sleepcap releases spores at you but does no damage.
You hit the sleepcap.
The sleepcap is almost destroyed.
The sleepcap barely misses you.
You hit the sleepcap.
The sleepcap is almost destroyed.
The sleepcap releases spores at you.
You are engulfed in a cloud of soporific spores!
You fall asleep.
The sleepcap releases spores at you!
You wake up.
* * * LOW HITPOINT WARNING * * *
You are engulfed in a cloud of soporific spores!
You are unaffected.
Unknown command.
You hit the sleepcap but do no damage.
The sleepcap is almost destroyed.
The sleepcap releases spores at you.
You die...

▓+▓
▓.▓
▓B▓
▓g▓
▓s▓
▓f▓
▓@▓
▓.▓
▓.▓
▓.▓
▓.▓
▓.▓
▓)▓
▓.▓
▓.▓


You could see a sleepcap, a gnoll bouda, a scorpion and a bombardier beetle.

Vanquished Creatures
  An adder (D)
  A ball python (D)
  A giant cockroach (D)
  2 goblins (D)
  A rat (D)
6 creatures vanquished.

Notes
Turn   | Place    | Note
-------+----------+-------------------------------------------
     0 | D        | rocky1 the Oni Gladiator began the quest for the Orb.
     0 | D        | Reached XP level 1. HP: 22/22 MP: 1/1
    35 | D        | Noticed a bombardier beetle
    35 | D        | Noticed a gnoll bouda
    35 | D        | Noticed a scorpion
    35 | D        | Noticed a sleepcap
    45 | D        | Reached skill level 4 in Maces & Flails
    45 | D        | Reached XP level 2. HP: 23/31 MP: 2/2
    59 | D        | Slain by a sleepcap

Illustrated notes

Levels and vault maps discovered:
D:        linesprint [early_d, line_temple, items_1, d_10, items_2, lair_1,
          lair_end, items_3, orc_1, orc_end, items_4, d_15, swamp_1, shoals_1,
          snake_1, spider_1, d_20, vaults_1, items_5, swamp_end, shoals_end,
          snake_end, spider_end, vaults_end, d_27, items_6, zot_1, zot_end,
          crypt_end, forest_end, elf_end, slime_end, tomb_end, abyss_end,
          pan_hell_end]

Skill      XL: |  1 |
---------------+----+-----
Dodging        | 3 |  3.8
Fighting       | 3 |  3.4
Maces & Flails | 4 |  4.3
Throwing       | |  2.4

Action                     || total
---------------------------++-------
  Melee: Flail             ||    32
         Headbutt          ||     6
    Use: Potion            ||     1
 Armour: Robe              ||    21
  Dodge: Dodged            ||    20

Table legend: (Time is in decaauts)
 A = Elapsed time spent in this place.
 B = Non-inter-level travel time spent in this place.
 C = Inter-level travel time spent in this place.
 D = Time resting spent in this place.
 E = Time spent auto-exploring this place.
 F = Levels seen in this place.
 G = Mean time per level.
                   A        B        C        D        E       F      G
               +--------+--------+--------+--------+--------+-----+--------+
         Total |     65 |     65 |      0 |     13 |      0 |   1 |   65.0 |
       Dungeon |     65 |     65 |      0 |     13 |      0 |   1 |   65.0 |
               +--------+--------+--------+--------+--------+-----+--------+

Top non-repeatable levels by time:
       D: 65 daAuts
